AoeStats
← raton

Nomad

508309458Analyzed
2v2 RM · 10d ago on Sep 21, 2026· 41m 43s· 4 players
Game mode
Random Map
Map size
176×176
Population
200
Speed
Normal
Resources
Standard
Victory
Conquest
Starting age
Dark Age
Ending age
Imperial Age
RankedLock teamsTeams togetherTeam positionsShared explorationLock speedFull tech treeHidden civsTurbo modeCheats
Victory
Defeat
🇦🇷 Dravidians · Argentina
1233
+15
🇦🇷 Malay · Argentina
1215
+15
🇪🇸 Spanish · Spain
1210
-15
🇪🇸 Dravidians · Spain
1199
-15
raton
4:20 Loom
14:02 Feudal Age
17:56 Castle Age
16:28 Double-Bit Axe
18:53 Horse Collar
20:09 Gold Mining
21:21 Fletching
24:13 Stone Mining
32:44 Light Cavalry
33:41 Bloodlines
34:12 Heavy Plow
36:52 Ballistics
39:59 Imperial Age
37:55 Husbandry
39:25 Wheelbarrow
39:56 Bow Saw
41:40 Chemistry
41:55 Conscription
a.arias.age
6:46 Loom
12:58 Feudal Age
13:46 Double-Bit Axe
13:53 Gold Mining
16:02 Fishing Lines
24:57 Castle Age
22:50 Fletching
23:01 Padded Archer Armor
25:10 Elite Skirmisher
25:47 Bodkin Arrow
26:30 Leather Archer Armor
30:56 Ballistics
31:18 Stone Mining
32:29 Wheelbarrow
36:05 Hand Cart
36:39 Horse Collar
LA_12_FPS
4:48 Loom
13:41 Feudal Age
20:49 Castle Age
20:59 Fletching
21:10 Padded Archer Armor
22:36 Wheelbarrow
23:36 Bodkin Arrow
26:49 Ballistics
29:21 Leather Archer Armor
29:35 Gold Mining
37:35 Imperial Age
40:36 Hand Cart
41:40 Town Watch
41:57 Fishing Lines
Yoyi
4:30 Loom
13:12 Feudal Age
17:45 Castle Age
15:44 Fletching
17:28 Bodkin Arrow
18:02 Medium Warships
18:33 Wheelbarrow
18:04 Fishing Lines
20:15 Town Watch
20:48 Double-Bit Axe
26:37 Imperial Age
24:43 Ballistics
28:23 Chemistry
28:38 Hand Cart
29:04 Block Printing
28:59 Redemption
30:04 Chemistry
29:48 Squires
32:39 Bow Saw
34:20 Forging
35:25 Conscription
36:16 Treadmill Crane
36:32 Murder Holes
36:48 Masonry
40:09 Bracer
40:45 Iron Casting
40:18 Gold Mining
40:32 Gillnets
41:53 Redemption
42:06 Hand Cart
Connection lost

Rejoining the realm…

Still unreachable

The connection could not be restored.

Session expired

The server has moved on; the page needs a fresh start.